 Dungeon Crawl Stone Soup version 0.30-b1-2-g02819fbbbe (webtiles) character file.

Game seed: 6386339799977621556

2740196 emiel the Phalangite (level 26, 216/216 HPs)
             Began as a Demonspawn Berserker on Jan 9, 2024.
             Was the Champion of Trog.
             Escaped with the Orb
             ... and 4 runes!
             The game lasted 01:19:58 (54210 turns).

emiel the Phalangite (Demonspawn Berserker)        Turns: 54210, Time: 01:19:59

Health: 216/216    AC: 39    Str: 30    XL:     26   Next: 86%
Magic:  23/23      EV: 21    Int: 12    God:    Trog [******]
Gold:   5835       SH: 16    Dex: 17    Spells: 25/25 levels left

rFire   + + .        Z - +5 scythe "Finisher" {speed, execute}
rCold   + . .        (shield currently unavailable)
rNeg    + + .        p - +8 gold dragon scales
rPois   +            C - +3 crown of Dyrovepreva {rElec Int+2 SInv}
rElec   +            L - +2 cloak "Nyuton" {-Cast rPois rN++ Dex+2}
rCorr   .            B - +0 pair of gloves of Moral Flaws {Regen+ Dex+3}
SInv    +            (boots unavailable)
Will    ++...        V - brooch of Shielding {Spirit SH+8} Stlth
                     w - +4 ring of slaying
HPRegen 1.36/turn    k - ring of Guweu {rElec rF+ EV+5 Str+6 Dex-3}
MPRegen 0.18/turn

%: no spellcasting, guardian spirit
@: no status effects
A: hooves 3, large bone plates 3, hurl damnation, powered by pain 2, spiny 3,
torment resistance 1, demonic willpower, screaming 1, electricity resistance,
weak 1, inability to drink after injury 1
0: Orb of Zot
}: 4/15 runes: decaying, serpentine, silver, abyssal
a: Hurl Damnation, Renounce Religion, Berserk, Trog's Hand, Brothers in Arms


You escaped.
You worshipped Trog.
Trog was exalted by your worship.
You visited 9 branches of the dungeon, and saw 47 of its levels.
You visited the Abyss 1 time.
You visited 1 bazaar.
You also visited: Trove, Gauntlet, Ice Cave and Desolation.

You collected 8901 gold pieces.
You spent 3066 gold pieces at shops.

Inventory:

Hand Weapons
 Z - the +5 scythe "Finisher" (weapon) {speed, execute}
   (You found it on level 5 of the Vaults)
Missiles
 v - 15 silver javelins (quivered)
 J - 17 javelins
 Y - 5 throwing nets
Armour
 p - +8 gold dragon scales (worn)
 B - the +0 pair of gloves of Moral Flaws (worn) {Regen+ Dex+3}
   (You bought it in a shop on level 3 of the Snake Pit)

   Dex:       It affects your dexterity (+3).
   Regen:     It increases your rate of health regeneration.
 C - the +3 crown of Dyrovepreva (worn) {rElec Int+2 SInv}
   (You acquired it on level 3 of the Depths)

   Int:       It affects your intelligence (+2).
   rElec:     It insulates you from electricity.
   SInv:      It lets you see invisible.
 L - the +2 cloak "Nyuton" (worn) {-Cast rPois rN++ Dex+2}
   (You found it on level 8 of the Dungeon)

   Dex:       It affects your dexterity (+2).
   rPois:     It protects you from poison.
   rN:        It greatly protects you from negative energy.
   -Cast:     It prevents spellcasting.
Jewellery
 b - the ring "Vodacrua" {rCorr SInv}
   (You found it in the Desolation of Salt)

   [ring of resist corrosion]

   SInv:      It lets you see invisible.
   rCorr:     It protects you from acid and corrosion.
 k - the ring of Guweu (right hand) {rElec rF+ EV+5 Str+6 Dex-3}
   (You took it off a deep elf annihilator on level 3 of the Elven Halls)

   [ring of evasion]

   EV:        It affects your evasion (+5).
   Str:       It affects your strength (+6).
   Dex:       It affects your dexterity (-3).
   rF:        It protects you from fire.
   rElec:     It insulates you from electricity.
 n - an amulet of regeneration
 w - a +4 ring of slaying (left hand)
 A - the amulet of Vitality {RegenMP++ Regen++}
   (You took it off a minotaur in a Gauntlet)

   [amulet of magic regeneration]

   It increases your rate of magic regeneration.
   Regen:     It increases your rate of health regeneration.
 N - a ring of protection from cold
 O - a ring of flight
 V - the brooch of Shielding (around neck) {Spirit SH+8}
   (You found it in a treasure trove)

   [amulet of guardian spirit]

   It causes incoming damage to be divided between your reserves of health and
   magic.
   SH:        It affects your SH (+8).
Wands
 s - a wand of digging (2)
 u - a wand of polymorph (43)
 x - a wand of iceblast (62)
 E - a wand of paralysis (41)
 K - a wand of light (25)
 Q - a wand of flame (202)
Scrolls
 a - 36 scrolls of identify
 c - 8 scrolls of summoning
 f - 9 scrolls of poison
 g - 7 scrolls of silence
 h - 18 scrolls of fog
 j - 6 scrolls of blinking
 l - 2 scrolls of torment
 o - 25 scrolls of teleportation
 F - 17 scrolls of fear
 G - 5 scrolls of noise
 I - 8 scrolls of magic mapping
 P - 8 scrolls of immolation
 T - 7 scrolls of vulnerability
Potions
 d - 12 potions of might
 e - 35 potions of curing
 i - 13 potions of ambrosia
 m - 7 potions of haste
 q - 10 potions of mutation
 r - 6 potions of magic
 t - 8 potions of brilliance
 z - 4 potions of berserk rage
 D - 22 potions of heal wounds
 H - 15 potions of lignification
 M - 6 potions of resistance
 R - 11 potions of cancellation
 U - 7 potions of flight
 W - 10 potions of attraction
 X - 2 potions of invisibility
Miscellaneous
 S - a box of beasts


   Skills:
 + Level 19.6 Fighting
 + Level 24.7 Polearms
 + Level 15.8 Throwing
 + Level 19.6 Armour
 + Level 19.6 Dodging
 + Level 17.8 Evocations


You had 25 spell levels left.
You didn't know any spells.
Your spell library was empty.

Dungeon Overview and Level Annotations

Branches:
Dungeon (15/15)            Temple (0/1) D:4            Lair (5/5) D:11
  Swamp (4/4) Lair:3        Snake (4/4) Lair:3        Slime (0/5) Lair:5
    Orc (2/2) D:11            Elf (3/3) Orc:2        Vaults (5/5) D:14
  Crypt (0/3) Vaults:2     Depths (4/4) D:15            Zot (5/5) Depths:4
  IceCv (visited)         Desolation (visited)      Gauntlet (visited)

Altars:
Ashenzari
Cheibriados
Fedhas
Kikubaaqudgha
Makhleb
Okawaru
Qazlal
Ru
Sif Muna
Trog
Vehumet
Wu Jian
Xom

Shops:
D:4 [   D:11 !   Orc:1 **   Orc:2 *!=(   Elf:1 ?   Elf:3 *=[:   Snake:2 ?
Snake:3 [   Vaults:1 (   Vaults:2 (   Depths:4 [

Portals:
Hell: Depths:1 Depths:2 Depths:3 Depths:4
Abyss: Depths:3
Pandemonium: Depths:2
Ziggurat: Depths:2

Annotations:
D:13 2 transporters, Liimbo's ghost, journeyman FoWn
Snake:1 1 runed translucent door, emiel's ghost, adept DsBe
Snake:3 2 transporters, exclusion: orange crystal statue
Orc:2 1 runed translucent door, Setanta's ghost, journeyman DrFi
Elf:2 2 transporters, 3 runed translucent doors, diceflayer's ghost, adept DsGl
Elf:3 3 runed translucent doors, Syrassil's ghost, veteran MiMo
Zot:3 exclusion: 2 draconian scorchers


Innate Abilities, Weirdness & Mutations

You have hooves in place of feet.
You are completely covered in large bone plates. (SH +8)
You can hurl damnation.
You sometimes gain power by taking damage.
You are completely covered in sharp spines.
You are resistant to unholy torment.
You punish those that try to bend your will. (Will+)
You occasionally shout uncontrollably at your foes.
You are resistant to electric shocks. (rElec)
You are weak. (Str -2)
You occasionally lose the ability to drink potions when taking damage.


Message History

(D) Dungeon (T) Temple (L) Lair (S) Swamp (P) Snake Pit (M) Slime Pits (O) Orcish Mines (E) Elven Halls (V) Vaults (C) Crypt (U) Depths (H) Hell (Z) Zot
Where to? (Enter - D:1, ? - help)
What level of the Dungeon? (default 1, ? - help)
Okay, then.
You reach to attack!
You cut the tormentor into ribbons!!!
You kill the tormentor!
Trog accepts your kill.
No target in view! 3 hellwings come into view.
There is an escape hatch in the ceiling here.
The hellwing gives a chilling moan.
A mysterious force pulls you upwards. The hatch slams shut behind you.
(D) Dungeon (T) Temple (L) Lair (S) Swamp (P) Snake Pit (M) Slime Pits (O) Orcish Mines (E) Elven Halls (V) Vaults (C) Crypt (U) Depths (H) Hell (Z) Zot
Where to? (Enter - D:4 @ (x,y), ? - help)
There is a stone staircase leading up here.
You climb upwards.
There is a stone staircase leading down here.
(D) Dungeon (T) Temple (L) Lair (S) Swamp (P) Snake Pit (M) Slime Pits (O) Orcish Mines (E) Elven Halls (V) Vaults (C) Crypt (U) Depths (H) Hell (Z) Zot
Where to? (Enter - D:2, ? - help)
A blizzard demon comes into view.
The blizzard demon shouts!
The blizzard demon gestures at you. The bolt of lightning hits you! You resist.
There is a stone staircase leading up here.
The blizzard demon waves its arms in wide circles.
The air twists around and strikes you.
You climb upwards.
There is a stone staircase leading down here.
HP restored.
Magic restored.
There is a staircase leading out of the dungeon here.
You have escaped!

..###.##.#.#.............#
......##.#....###.#####.##
#####.##..>..#..........#
#.........[#.#.≈≈≈≈≈≈≈..#
.###..####.#...≈.....≈.##
.# #.................≈.#
.###..#.##..≈≈≈≈≈≈≈..≈.#
............≈.....≈..≈.#
#.###.#.##..≈..≈@....≈.##
......#.###.≈..≈≈≈≈≈≈≈..#
#.#####.###.≈...........#
..# #...#.≈.....≈.....#
..# ###.#.≈≈≈≈≈≈≈..####
.## ####.#..........# .#
#.......###.....# .#
##.##.##.....##### ##
#.....##.#####


There were no monsters in sight!

Vanquished Creatures
  2 orbs of fire
  2 dread liches
  3 ancient liches (Zot:5)
  A juggernaut (Depths:3)
  2 Killer Klowns (Zot:5)
  the Lernaean hydra (Swamp:4)
  Vv (Zot:4)
  Bai Suzhen (Snake:4)
  A caustic shrike (Depths:3)
  Vashnia (Snake:4)
  Xtahua (Vaults:4)
  A curse toe (Zot:3)
  6 golden dragons
  Nikola (Swamp:1)
  18 tentacled monstrosities
  An electric golem (Zot:5)
  An Ice Fiend (IceCv)
  Mlioglotl (Swamp:3)
  Rupert (D:12)
  25 Orb Guardians
  A walking divine tome (Depths:3)
  A walking earthen tome (Depths:3)
  2 deep elf blademasters (Elf:3)
  7 titans
  5 liches
  8 quicksilver dragons
  A walking frostbound tome (Depths:4)
  3 tentacled starspawn (Abyss:3)
  4 sphinxes
  14 shadow dragons
  11 death cobs
  Donald (Orc:2)
  13 storm dragons
  5 tengu reavers
  A daeva (Abyss:3)
  2 draconian monks
  5 nagarajas (Snake:4)
  The ghost of emiel the Earth Mage, an adept KoEE of Makhleb (Elf:1)
  13 frost giants
  9 draconian knights
  8 deep elf sorcerers (Elf:3)
  7 fire giants
  A frost giant (shapeshifter) (Depths:4)
  Aizul (Snake:1)
  An iron dragon (Vaults:5)
  14 vault wardens
  14 draconian scorchers
  Louise (Snake:1)
  An imperial myrmidon (Desolation)
  A draconian shifter (Zot:1)
  4 deep elf elementalists (Elf:3)
  21 ironbound preservers
  A cacodemon (Abyss:3)
  An orc warlord (Vaults:1)
  A spriggan defender (Depths:3)
  4 draconian annihilators
  The ghost of Foabaekk the Unseen, a journeyman GrMo of Gozag (Lair:3)
  A curse skull (Vaults:2)
  6 draconian stormcallers
  A reaper (Depths:1)
  5 war gargoyles
  27 very ugly things
  13 stone giants
  Azrael (D:12)
  2 vampire knights
  A lorocyproca (Depths:2)
  9 deep elf demonologists
  3 ironbound thunderhulks
  20 green draconians
  6 dire elephants
  6 white draconians
  9 black draconians
  5 red draconians
  6 eleionomae
  6 purple draconians
  13 starcursed masses (Abyss:3)
  13 deep elf annihilators
  8 yellow draconians
  2 deep elf death magi
  A minotaur (Gauntlet)
  2 blizzard demons (Depths:1)
  Snorg (D:12)
  A merfolk javelineer (Depths:3)
  12 ettins
  11 yaktaur captains
  A green death (Depths:1)
  A merfolk impaler (Depths:1)
  Josephine (D:14)
  7 crystal guardians
  8 fire dragons
  6 ragged hierophants (Desolation)
  4 deep elf high priests
  2 shambling mangroves (Swamp:4)
  3 entropy weavers
  5 great orbs of eyes
  8 peacekeepers
  4 servants of whispers (Desolation)
  2 caustic shrike simulacra (IceCv)
  5 rakshasas
  15 hydras
  3 spriggan air magi (Depths:3)
  A salamander tyrant (Snake:4)
  8 boulder beetles
  A catoblepas (D:14)
  32 vault guards
  A ghost crab (Swamp:3)
  10 ice dragons
  11 centaur warriors
  13 alligators
  7 ironbound frosthearts
  4 two-headed ogres
  An alligator (shapeshifter) (Depths:1)
  A spriggan skeleton (Abyss:3)
  17 anacondas
  2 ogre magi (Vaults:4)
  20 dancing weapons
  4 death yaks (Lair:5)
  9 naga warriors
  10 deep troll shamans
  4 orc high priests
  3 deep troll earth magi
  3 tengu warriors
  7 spriggan berserkers
  A soul eater (Depths:1)
  8 thrashing horrors (Abyss:3)
  7 shock serpents
  15 naga sharpshooters
  2 vampire magi
  8 deep elf knights
  2 hell knights (Depths:2)
  A fire crab (shapeshifter) (Abyss:3)
  3 salamander mystics
  A sun demon (Zot:1)
  A storm dragon zombie (Depths:1)
  A skyshark (Lair:4)
  2 sixfirhies
  6 iron trolls
  59 deep trolls
  A shadow wraith (Vaults:4)
  6 skeletal warriors
  7 spatial maelstroms (Abyss:3)
  A death drake (shapeshifter) (Vaults:3)
  7 goliath frogs
  An orb spider (Abyss:3)
  10 bog bodies
  3 spriggan druids
  Lodul (D:13)
  3 obsidian statues
  9 swamp dragons
  A flayed ghost (D:14)
  8 glowing orange brains
  8 wizards
  11 naga ritualists
  9 spriggan simulacra
  11 deep elf archers
  2 lindwurms
  3 death drakes (Abyss:3)
  11 harpies
  32 deep elf pyromancers
  29 deep elf zephyrmancers
  A golden dragon skeleton (Depths:2)
  6 mana vipers
  Pikel (D:7)
  2 phantasmal warriors (Vaults:4)
  19 ironbound convokers
  12 necromancers
  7 orc knights
  6 orc sorcerers
  17 salamanders
  12 will-o-the-wisps
  37 ugly things
  A sphinx skeleton (Depths:1)
  8 cyclopes
  4 manticores
  A wolf spider (Lair:5)
  24 elephants
  31 moths of wrath
  A centaur zombie (D:15)
  Maurice (D:9)
  21 vault sentinels
  Joseph (D:7)
  2 ice statues (D:15)
  14 naga magi
  42 black mambas
  2 rust devils
  6 smoke demons
  Maggie (D:8)
  10 guardian serpents
  5 orange demons (Abyss:3)
  2 centaur skeletons (D:15)
  7 rime drakes
  2 gargoyles
  Psyche (D:8)
  7 komodo dragons
  An unseen horror (D:13)
  12 cane toads
  A kobold demonologist (D:12)
  An efreet (D:14)
  25 yaktaurs
  2 anaconda simulacra (IceCv)
  5 tengu conjurers
  3 tormentors
  10 ice devils
  4 freezing wraiths
  A merfolk (shapeshifter) (D:13)
  A bloated husk (Swamp:1)
  A troll (shapeshifter) (Elf:3)
  A queen bee (shapeshifter) (Elf:1)
  2 polar bears
  2 hellwings (Depths:4)
  A queen bee (D:10)
  A wind drake (shapeshifter) (D:15)
  7 trolls
  A tyrant leech (shapeshifter) (Vaults:4)
  15 blink frogs
  46 saltlings
  24 hornets
  12 tyrant leeches
  Grinder (D:4)
  Prince Ribbit (D:8)
  An ettin zombie (Vaults:4)
  4 raiju
  8 dream sheep
  A raiju (shapeshifter) (D:14)
  A dream sheep (shapeshifter) (Depths:3)
  24 slime creatures
  An air elemental (Elf:3)
  A centaur simulacrum (D:14)
  9 spriggans
  A flying skull (Vaults:2)
  2 spriggans (shapeshifter)
  A shadow (D:10)
  64 yaks
  5 dire elephant simulacra (IceCv)
  8 basilisks
  9 wraiths
  15 wyverns
  5 ynoxinuls
  10 minotaur simulacra (IceCv)
  2 neqoxecs
  9 fire elementals
  5 chaos spawn
  15 water elementals
  A golden eye (shapeshifter) (D:14)
  2 redbacks
  An elf skeleton (Vaults:4)
  4 spatial vortices (Abyss:3)
  4 vampire mosquitoes
  6 steam dragons
  2 harpy simulacra (IceCv)
  12 swamp worms
  4 wargs
  A glowing shapeshifter zombie (Depths:2)
  34 nagas
  A hydra simulacrum (IceCv)
  22 water moccasins
  A glowing shapeshifter skeleton (Vaults:4)
  12 small abominations (Abyss:3)
  Duvessa (D:7)
  3 hell hounds (D:12)
  7 large abominations (Abyss:3)
  6 swamp drakes
  22 orc warriors
  2 sky beasts (D:7)
  A black bear (D:6)
  18 ogres
  An alligator simulacrum (IceCv)
  2 boggarts
  11 wolves
  4 centaurs
  2 human zombies (Vaults:4)
  A phantom (D:6)
  5 kobold brigands
  4 bullfrogs
  5 earth elementals
  5 scorpions
  3 deep troll simulacra (IceCv)
  11 wights
  Dowan (D:7)
  34 killer bees
  A lindwurm simulacrum (IceCv)
  6 howler monkeys
  A vampire bat (Orc:2)
  2 jellies
  A crimson imp (D:7)
  A quasit (Abyss:3)
  Crazy Yiuf (D:7)
  21 orc priests
  3 hounds
  2 gnoll boudas
  23 orc wizards
  A sleepcap (D:7)
  2 iguanas
  7 hell rats (Lair:4)
  2 human simulacra (D:9)
  10 gnolls
  13 adders
  A shadow imp (D:5)
  6 white imps
  4 ufetubi
  5 worms
  4 dart slugs
  73 orcs
  10 ball pythons
  7 endoplasms
  A giant cockroach (D:2)
  7 goblins
  5 hobgoblins
  7 jackals (D:5)
  24 kobolds
  14 bats
  3 frilled lizards
  5 rats
  3 starspawn tentacles (Abyss:3)
2214 creatures vanquished.

Vanquished Creatures (collateral kills)
  Jorgrun (D:12)
  A hydra (Swamp:4)
  A naga warrior (Snake:2)
  A dancing weapon (Elf:3)
  A mana viper (Snake:2)
  A salamander (Snake:2)
  An orc sorcerer (Orc:2)
  A black mamba (Snake:2)
  A tyrant leech (Swamp:4)
  A bloated husk (Swamp:4)
  A slime creature (D:12)
  2 minotaur simulacra (IceCv)
  2 nagas (Snake:2)
  An orc warrior (Orc:2)
  An alligator simulacrum (IceCv)
17 creatures vanquished.

Vanquished Creatures (others)
  A fire giant (Depths:4)
  A black draconian (Zot:3)
  A wizard (Vaults:4)
  A deep elf zephyrmancer (Elf:1)
  A necromancer (Depths:2)
  A vault sentinel (Vaults:5)
  3 bloated husks
  A tengu simulacrum (Depths:2)
  A saltling (Desolation)
  An iron dragon simulacrum (Depths:2)
  A water elemental (Elf:1)
  An orc wizard (D:11)
  An orc (D:7)
  A kobold (D:12)
  3 demonic plants (Gauntlet)
  46 foxfires
  18 fungi
  46 plants
  A starspawn tentacle (Abyss:3)
130 creatures vanquished.

Grand Total: 2361 creatures vanquished

Notes
Turn   | Place    | Note
-------+----------+-------------------------------------------
     0 | D:1      | emiel the Demonspawn Berserker began the quest for the Orb.
     0 | D:1      | Reached XP level 1. HP: 18/18 MP: 1/1
   139 | D:1      | Reached skill level 3 in Polearms
   270 | D:1      | Gained mutation: You have large cloven feet. [demonic
                  | ancestry]
   270 | D:1      | Reached XP level 2. HP: 21/24 MP: 2/2
   754 | D:2      | Reached XP level 3. HP: 16/29 MP: 3/3
   795 | D:2      | Reached skill level 4 in Polearms
  1038 | D:2      | Reached ** piety under Trog
  1172 | D:2      | Reached XP level 4. HP: 30/35 MP: 4/4
  1727 | D:3      | Reached skill level 5 in Polearms
  1729 | D:3      | Identified the +7 plate armour of Nocvuosu {rPois rF+ rN+
                  | Dex-2}
  2284 | D:3      | Identified a scroll of acquirement
  2284 | D:3      | Acquired 718 gold pieces
  2323 | D:4      | Gained mutation: You are partially covered in sharp spines.
                  | [demonic ancestry]
  2323 | D:4      | Reached XP level 5. HP: 41/41 MP: 5/5
  2458 | D:4      | Found a staircase to the Ecumenical Temple.
  2639 | D:4      | Found Uverug's Armour Shop.
  2944 | D:4      | Noticed Grinder
  2957 | D:4      | Killed Grinder
  2958 | D:4      | Reached skill level 6 in Polearms
  2958 | D:4      | Gained mutation: You have hoof-like feet. [demonic
                  | ancestry]
  2958 | D:4      | Reached XP level 6. HP: 47/47 MP: 6/6
  3270 | D:5      | Entered Level 5 of the Dungeon
  3314 | D:5      | Reached skill level 7 in Polearms
  3393 | D:5      | Reached XP level 7. HP: 52/52 MP: 7/7
  3878 | D:5      | Reached skill level 8 in Polearms
  3885 | D:5      | Reached *** piety under Trog
  4836 | D:6      | Reached skill level 9 in Polearms
  4836 | D:6      | Reached XP level 8. HP: 55/58 MP: 8/8
  4940 | D:6      | You fall into a shaft and drop 3 floors!
  4999 | D:9      | Reached skill level 10 in Polearms
  5265 | D:9      | Gained mutation: You are partially covered in large bone
                  | plates. (SH +4) [demonic ancestry]
  5265 | D:9      | Reached XP level 9. HP: 65/65 MP: 9/9
  5543 | D:8      | Noticed Maggie
  5573 | D:8      | Identified the +7 ring mail of Perfidy {Fly rF- Str+3}
  5583 | D:8      | Noticed Psyche
  5596 | D:8      | Killed Psyche
  5597 | D:8      | Reached skill level 5 in Fighting
  5675 | D:8      | Noticed Prince Ribbit
  5692 | D:8      | Killed Prince Ribbit
  5710 | D:8      | Reached skill level 5 in Armour
  5710 | D:8      | Reached skill level 5 in Dodging
  5855 | D:8      | Noticed a two-headed ogre
  5861 | D:8      | Killed a two-headed ogre
  5862 | D:8      | Gained mutation: You sometimes gain a little power by
                  | taking damage. [demonic ancestry]
  5862 | D:8      | Reached XP level 10. HP: 77/77 MP: 10/10
  5886 | D:8      | Killed Maggie
  6019 | D:8      | Identified the +7 mace "Hifumaiq" {freeze, rF+}
  6035 | D:7      | Noticed Pikel
  6042 | D:7      | Killed Pikel
  6352 | D:6      | Found a sacrificial altar of Ru.
  6383 | D:6      | Found a blossoming altar of Fedhas.
  6454 | D:6      | Found an ornate altar of the Wu Jian Council.
  6626 | D:7      | Noticed Joseph
  6636 | D:7      | Killed Joseph
  6642 | D:7      | Reached **** piety under Trog
  6818 | D:7      | Reached skill level 1 in Evocations
  7010 | D:7      | Found a burning altar of Makhleb.
  7011 | D:7      | Found a radiant altar of Vehumet.
  7119 | D:7      | Found a runed translucent door.
  7120 | D:7      | Noticed Crazy Yiuf
  7126 | D:7      | Killed Crazy Yiuf
  7174 | D:7      | Identified the +3 hammer "Cojushruss" {heavy, rN++}
  7283 | D:7      | Noticed Dowan
  7308 | D:7      | Noticed Duvessa
  7330 | D:7      | Killed Duvessa
  7331 | D:7      | Gained mutation: You are mostly covered in sharp spines.
                  | [demonic ancestry]
  7331 | D:7      | Reached XP level 11. HP: 74/86 MP: 11/11
  7341 | D:7      | Killed Dowan
  7601 | D:8      | Identified the +2 cloak "Nyuton" {-Cast rPois rN++ Dex+2}
  7807 | D:9      | Noticed Maurice
  7816 | D:9      | Killed Maurice
  7938 | D:9      | Found a broken altar of Ashenzari.
  8067 | D:9      | Reached ***** piety under Trog
  8423 | D:10     | Entered Level 10 of the Dungeon
  8944 | D:10     | Found a stormy altar of Qazlal.
  9438 | D:11     | Found Vitro's Distillery.
  9551 | D:11     | Bought a potion of heal wounds for 80 gold pieces
  9551 | D:11     | Bought a potion of heal wounds for 80 gold pieces
  9551 | D:11     | Bought a potion of heal wounds for 80 gold pieces
  9551 | D:11     | Bought 2 potions of heal wounds for 160 gold pieces
  9551 | D:11     | Bought a potion of heal wounds for 80 gold pieces
  9551 | D:11     | Bought a potion of haste for 160 gold pieces
  9551 | D:11     | Bought a potion of haste for 160 gold pieces
  9560 | D:11     | Reached skill level 5 in Evocations
  9638 | D:11     | Noticed a two-headed ogre
  9643 | D:11     | Killed a two-headed ogre
  9692 | D:11     | Noticed a two-headed ogre
  9697 | D:11     | Killed a two-headed ogre
  9760 | D:11     | Found a shimmering altar of Xom.
  9763 | D:11     | Found a shimmering altar of Xom.
  9764 | D:11     | Found a shimmering altar of Xom.
  9764 | D:11     | Found a shimmering altar of Xom.
  9765 | D:11     | Found a shimmering altar of Xom.
  9769 | D:11     | Found a shimmering altar of Xom.
  9769 | D:11     | Found a shimmering altar of Xom.
  9945 | D:11     | Found a staircase to the Orcish Mines.
 10019 | D:11     | Found a staircase to the Lair.
 10037 | D:11     | Reached XP level 12. HP: 88/97 MP: 12/12
 10255 | D:11     | Reached skill level 10 in Fighting
 10519 | Lair:1   | Entered Level 1 of the Lair of Beasts
 10554 | Lair:1   | Identified the +5 glaive "Eniral" {freeze, Str+4 Int+3
                  | Dex-3}
 10627 | Lair:1   | Received a gift from Trog
 10656 | Lair:1   | Reached skill level 11 in Polearms
 10710 | Lair:1   | Identified the +0 leather armour of Qasaituo {rC+ Regen+
                  | Str+3 Int+2}
 11464 | Lair:2   | Reached skill level 12 in Polearms
 11746 | Lair:2   | You fall into a shaft and drop 2 floors!
 12004 | Lair:3   | Reached XP level 13. HP: 103/103 MP: 13/13
 12018 | Lair:2   | Reached skill level 13 in Polearms
 12763 | Lair:3   | Found a staircase to the Snake Pit.
 12859 | Lair:3   | Found a transporter.
 12863 | Lair:3   | Identified the +2 chain mail of Souj {rC+ rCorr}
 12866 | Lair:3   | Noticed Foabaekk's ghost (journeyman GrMo)
 12888 | Lair:3   | Found a transporter.
 13095 | Lair:3   | Found a staircase to the Swamp.
 13209 | Lair:4   | Reached skill level 14 in Polearms
 13520 | Lair:4   | Reached ****** piety under Trog
 13974 | Lair:4   | Received a gift from Trog
 14045 | Lair:5   | Entered Level 5 of the Lair of Beasts
 14122 | Lair:5   | Reached skill level 15 in Polearms
 14441 | Lair:5   | Reached skill level 16 in Polearms
 14550 | Lair:5   | Gained mutation: You are mostly covered in large bone
                  | plates. (SH +6) [demonic ancestry]
 14550 | Lair:5   | Reached XP level 14. HP: 110/110 MP: 14/14
 14568 | Lair:5   | Found a staircase to the Slime Pits.
 14670 | Lair:5   | Identified the +3 ring mail of Greed {rPois Dex+3}
 15078 | Lair:5   | Reached skill level 17 in Polearms
 15086 | Lair:5   | Received a gift from Trog
 15863 | Orc:1    | Entered Level 1 of the Orcish Mines
 16036 | Orc:1    | Found Biamn's General Store.
 16107 | Orc:1    | Found Muob's Specific Store.
 16114 | Orc:1    | Bought a scroll of teleportation for 48 gold pieces
 16159 | Orc:1    | Found the +15 Maxwell's patent armour {-Cast -Tele rElec
                  | Will+ rCorr}
 16337 | Orc:2    | Entered Level 2 of the Orcish Mines
 16534 | Orc:2    | Found a staircase to the Elven Halls.
 16598 | Orc:2    | Found a runed translucent door.
 16599 | Orc:2    | Found a shimmering altar of Xom.
 16599 | Orc:2    | Noticed Setanta's ghost (journeyman DrFi)
 16847 | Orc:2    | Reached skill level 18 in Polearms
 16876 | Orc:2    | Found Tepolood's General Store.
 16876 | Orc:2    | Found Pacix's Antique Weapon Shoppe.
 16892 | Orc:2    | Found Rynn's Distillery.
 16892 | Orc:2    | Found Zose's Jewellery Shoppe.
 16906 | Orc:2    | Bought an amulet of reflection for 390 gold pieces
 16921 | Orc:2    | Bought a potion of heal wounds for 75 gold pieces
 16921 | Orc:2    | Bought a potion of cancellation for 120 gold pieces
 16921 | Orc:2    | Bought a scroll of teleportation for 45 gold pieces
 16967 | Orc:2    | Noticed Donald
 16979 | Orc:2    | Killed Donald
 17158 | Orc:2    | Received a gift from Trog
 17402 | D:12     | Found a gate leading to a gauntlet.
 17416 | Gauntlet | Entered a Gauntlet
 17416 | Gauntlet | Found a transporter.
 17416 | Gauntlet | Found a transporter.
 17418 | Gauntlet | Found a transporter.
 17418 | Gauntlet | Found a transporter.
 17421 | Gauntlet | Found a transporter.
 17428 | Gauntlet | Found a transporter.
 17429 | Gauntlet | Found a transporter.
 17430 | Gauntlet | Found a transporter.
 17432 | Gauntlet | Found a transporter.
 17440 | Gauntlet | Found a transporter.
 17440 | Gauntlet | Found a transporter.
 17492 | Gauntlet | Found a transporter.
 17669 | Gauntlet | Identified the +0 pair of gloves of Melancholy {rC- Int+5}
 17796 | Gauntlet | Identified the staff of poison "Polesif" {rElec rPois Str+4
                  | Int+3}
 17800 | D:12     | Noticed Rupert
 17809 | D:12     | Killed Rupert
 17996 | D:12     | Noticed Snorg
 17998 | D:12     | Killed Snorg
 18095 | D:12     | Noticed Azrael
 18125 | D:12     | Killed Azrael
 18126 | D:12     | Gained mutation: You sometimes gain power by taking damage.
                  | [demonic ancestry]
 18126 | D:12     | Reached XP level 15. HP: 100/115 MP: 15/15
 18318 | D:12     | Reached skill level 19 in Polearms
 18388 | D:12     | Noticed Jorgrun
 18410 | D:12     | Killed Jorgrun
 18587 | D:13     | Noticed a storm dragon
 18595 | D:13     | Found a transporter.
 18595 | D:13     | Noticed Liimbo's ghost (journeyman FoWn)
 18881 | D:13     | Found a transporter.
 18991 | D:13     | Received a gift from Trog
 19003 | D:13     | Found a snail-covered altar of Cheibriados.
 19423 | D:13     | Noticed Lodul
 19451 | D:13     | Killed Lodul
 19758 | D:14     | Reached skill level 1 in Throwing
 19795 | D:14     | Identified the +2 helmet of Quantum Leap {rC- Regen+ Str+5}
 20109 | D:14     | Noticed Josephine
 20113 | D:14     | Killed Josephine
 20261 | D:14     | Found a gate to the Vaults.
 20809 | D:15     | Entered Level 15 of the Dungeon
 20825 | D:15     | Reached skill level 20 in Polearms
 20900 | D:15     | Found a frozen archway.
 21107 | IceCv    | Entered an ice cave
 21317 | IceCv    | Reached XP level 16. HP: 124/124 MP: 16/16
 21857 | IceCv    | Noticed an Ice Fiend
 21869 | IceCv    | Received a gift from Trog
 21877 | IceCv    | Reached skill level 10 in Armour
 21893 | IceCv    | Killed an Ice Fiend
 21894 | IceCv    | Reached skill level 10 in Dodging
 22317 | D:15     | Identified the +0 leather armour of the Undertaker {Int+4}
 22396 | D:15     | Found a staircase to the Depths.
 22702 | Lair:3   | Killed Foabaekk's ghost
 22707 | Lair:3   | Identified the +0 cloak "Hovoem" {*Slow Str+9}
 22904 | Snake:1  | Entered Level 1 of the Snake Pit
 23291 | Orc:2    | Bought the ring of the Ethereal Fig {rElec rPois rC- rN+}
                  | for 405 gold pieces
 23463 | Snake:1  | Noticed Aizul
 23477 | Snake:1  | Killed Aizul
 23643 | Snake:1  | Noticed Louise
 23660 | Snake:1  | Killed Louise
 23766 | Snake:1  | Found a runed translucent door.
 23767 | Snake:1  | Found a shimmering altar of Xom.
 23767 | Snake:1  | Noticed emiel's ghost (adept DsBe)
 24398 | Snake:2  | Found a shimmering altar of Xom.
 24580 | Snake:2  | Received a gift from Trog
 24594 | Snake:2  | Reached skill level 5 in Throwing
 24937 | Snake:2  | Found Baezemoism's Magic Scroll Shoppe.
 25428 | Snake:3  | Gained mutation: You are completely covered in large bone
                  | plates. (SH +8) [demonic ancestry]
 25428 | Snake:3  | Reached XP level 17. HP: 128/133 MP: 17/17
 25542 | Snake:3  | Found Ruluth's Antique Armour Shop.
 25551 | Snake:3  | Bought a pair of warped gloves for 323 gold pieces
 25551 | Snake:3  | Identified the +0 pair of gloves of Moral Flaws {Regen+
                  | Dex+3} (You bought it in a shop on level 3 of the Snake
                  | Pit)
 25609 | Snake:3  | Found a transporter.
 25618 | Snake:3  | Found a transporter.
 25648 | Snake:3  | Identified the orb of the Stone Wall {*channel, Fly Int+2
                  | Dex+5}
 26279 | Snake:4  | Entered Level 4 of the Snake Pit
 26566 | Snake:4  | Reached skill level 21 in Polearms
 26625 | Snake:4  | Received a gift from Trog
 26784 | Snake:4  | Got a serpentine rune of Zot
 26840 | Snake:4  | Noticed Vashnia
 27120 | Snake:4  | Killed Vashnia
 27247 | Snake:4  | Received a gift from Trog
 27431 | Snake:4  | Noticed Bai Suzhen
 27440 | Snake:4  | Killed Bai Suzhen
 27898 | Swamp:1  | Entered Level 1 of the Swamp
 27987 | Swamp:1  | Reached XP level 18. HP: 142/142 MP: 18/18
 28195 | Swamp:1  | Noticed Nikola
 28207 | Swamp:1  | Killed Nikola
 28614 | Swamp:2  | Received a gift from Trog
 29436 | Swamp:3  | Noticed Mlioglotl
 29438 | Swamp:3  | Gained mutation: You are resistant to electric shocks.
                  | (rElec) [a neqoxec]
 29442 | Swamp:3  | Gained mutation: You are weak. (Str -2) [a neqoxec]
 29460 | Swamp:3  | Killed Mlioglotl
 29901 | Swamp:3  | Identified the +1 robe of an ossuary {rElec}
 29912 | Swamp:4  | Entered Level 4 of the Swamp
 29912 | Swamp:4  | Noticed a tentacled monstrosity
 29919 | Swamp:4  | Killed a tentacled monstrosity
 30117 | Swamp:4  | Noticed the 27-headed Lernaean hydra
 30612 | Swamp:4  | Reached skill level 10 in Evocations
 30667 | Swamp:4  | Reached skill level 22 in Polearms
 30708 | Swamp:4  | Killed the 23-headed Lernaean hydra
 30757 | Swamp:4  | Got a decaying rune of Zot
 31198 | Elf:1    | Entered Level 1 of the Elven Halls
 31248 | Elf:1    | Acquired a manual of Armour
 31534 | Elf:1    | Received a gift from Trog
 31694 | Elf:1    | Found Xoqarch's Magic Scroll Shoppe.
 31698 | Elf:1    | Bought a scroll of teleportation for 42 gold pieces
 31698 | Elf:1    | Bought a scroll of teleportation for 42 gold pieces
 31698 | Elf:1    | Bought a scroll of teleportation for 42 gold pieces
 31698 | Elf:1    | Bought a scroll of enchant armour for 105 gold pieces
 31738 | Elf:1    | Reached XP level 19. HP: 145/150 MP: 19/19
 31743 | Elf:1    | Found a runed translucent gate.
 31743 | Elf:1    | Found a runed translucent gate.
 31743 | Elf:1    | Found a runed translucent gate.
 31994 | Elf:1    | Noticed emiel's ghost (adept KoEE)
 32333 | Elf:1    | Killed emiel's ghost
 32441 | Elf:1    | Identified the +1 hat of a sewer {Int+3}
 32519 | Elf:2    | Received a gift from Trog
 32575 | Elf:2    | Noticed diceflayer's ghost (adept DsGl)
 32591 | Elf:2    | Found a transporter.
 32607 | Elf:2    | Found a bloodstained altar of Trog.
 32634 | Elf:2    | Found a portal to a secret trove of treasure.
 32747 | Elf:2    | Found a transporter.
 32792 | Elf:2    | Found an ancient bone altar of Kikubaaqudgha.
 32994 | Elf:2    | Found a runed translucent gate.
 32995 | Elf:2    | Found a runed translucent gate.
 32995 | Elf:2    | Found a runed translucent gate.
 33114 | Elf:3    | Entered Level 3 of the Elven Halls
 33256 | Elf:3    | Found a runed translucent gate.
 33256 | Elf:3    | Found a runed translucent gate.
 33256 | Elf:3    | Found a runed translucent gate.
 33261 | Elf:3    | Noticed Syrassil's ghost (veteran MiMo)
 33262 | Elf:3    | Found an iron altar of Okawaru.
 33321 | Elf:3    | Received a gift from Trog
 33429 | Elf:3    | Found Lydwethrami's Self-Improvement Boutique.
 33461 | Elf:3    | Found Kuqer's Armour Shop.
 33463 | Elf:3    | Found Qyig's Jewellery Boutique.
 33466 | Elf:3    | Found Uxkugodu's General Store.
 33477 | Elf:3    | Bought a scroll of teleportation for 36 gold pieces
 33477 | Elf:3    | Bought a potion of might for 48 gold pieces
 33956 | Elf:3    | Identified the ring of Guweu {rElec rF+ EV+5 Str+6 Dex-3}
 34034 | Elf:3    | Identified the +2 chain mail "Yfanihoc" {Will+ Dex+3 SInv}
 34068 | Elf:3    | Received a gift from Trog
 34108 | Elf:3    | Identified the staff of fire "Douschor" {rF+ rN++ Will-
                  | Dex+6}
 34123 | Elf:3    | Identified the ring "Apnegheu" {Fly rPois rN+}
 34139 | Elf:3    | Identified the +8 quick blade "Mamyduo" {antimagic, rC-
                  | Will+++ rCorr Str-5}
 34176 | Elf:3    | Found the +3 warlock's mirror {omnireflect}
 34179 | Elf:3    | Identified the +7 dagger of the Dove {freeze, rPois rF+
                  | Str-5}
 34543 | Vaults:1 | Entered Level 1 of the Vaults
 34682 | Vaults:1 | Found Ladur's Weapon Shop.
 34745 | Vaults:1 | Gained mutation: You punish those that try to bend your
                  | will. (Will+) [demonic ancestry]
 34745 | Vaults:1 | Reached XP level 20. HP: 159/159 MP: 20/20
 34907 | Vaults:1 | Reached skill level 23 in Polearms
 35214 | Vaults:1 | Received a gift from Trog
 35610 | Vaults:2 | Acquired 724 gold pieces
 35926 | Vaults:2 | Found a staircase to the Crypt.
 36613 | Vaults:2 | Found Athoileo's Antique Weapon Shoppe.
 36743 | Vaults:3 | Received a gift from Trog
 36775 | Vaults:3 | Reached skill level 10 in Throwing
 36816 | Vaults:3 | Found a crumbling gateway.
 36826 | Desolati | Entered the Desolation of Salt
 37015 | Desolati | Identified the amulet of Ripelatt {Acrobat rF+}
 37038 | Desolati | Identified the +1 scale mail of Panentheism {rF+ Str-2
                  | Dex+3}
 37078 | Desolati | Identified the +0 storm dragon scales "Hero's Friend"
                  | {rElec rCorr Int+6 SInv Stlth-}
 37080 | Desolati | Identified the ring "Vodacrua" {rCorr SInv}
 37083 | Desolati | Identified the +1 leather armour of Disappointment {Harm
                  | Dex+5}
 37086 | Desolati | Identified the +0 leather armour of Hunewen {rN+++ rCorr
                  | Int+3}
 37411 | Desolati | Identified the +1 robe of the Ego {-Tele rPois Int+3}
 37444 | Desolati | Received a gift from Trog
 37541 | Vaults:3 | Reached skill level 15 in Fighting
 37544 | Vaults:3 | Gained mutation: You have hooves in place of feet. [demonic
                  | ancestry]
 37544 | Vaults:3 | Reached XP level 21. HP: 168/168 MP: 21/21
 37649 | Vaults:3 | Reached skill level 15 in Armour
 38092 | Vaults:3 | Identified the +10 glaive of Defiance {flame, Stlth+} (Trog
                  | gifted it to you on level 3 of the Vaults)
 38092 | Vaults:3 | Received a gift from Trog
 38628 | Vaults:4 | Identified the +2 scimitar of Bodily Humours {freeze,
                  | Dex+5}
 38959 | Vaults:4 | Reached skill level 15 in Dodging
 38982 | Vaults:4 | Received a gift from Trog
 39399 | Vaults:4 | Reached skill level 24 in Polearms
 39772 | Depths:1 | Entered Level 1 of the Depths
 40070 | Depths:1 | Found a gateway to Hell.
 40366 | Depths:1 | Received a gift from Trog
 41279 | Depths:2 | Found a flickering gateway to a bazaar.
 41288 | Bazaar   | Entered a bazaar
 41290 | Bazaar   | Found Cousater's Weapon Boutique.
 41294 | Bazaar   | Found Xireeg Woa's Distillery.
 41294 | Bazaar   | Found Noutz's Armour Boutique.
 41295 | Bazaar   | Found Meteyw's General Store.
 41305 | Bazaar   | Bought a potion of might for 52 gold pieces
 41305 | Bazaar   | Bought a potion of resistance for 130 gold pieces
 41305 | Bazaar   | Bought a potion of cancellation for 104 gold pieces
 41310 | Bazaar   | Bought a wand of iceblast (6) for 259 gold pieces
 41370 | Depths:2 | Reached XP level 22. HP: 177/177 MP: 22/22
 41663 | Depths:2 | Found a shimmering blue altar of Sif Muna.
 41830 | Depths:2 | Received a gift from Trog
 42005 | Depths:2 | Found a one-way gateway to a ziggurat.
 42235 | Depths:2 | Found a one-way gate leading to the halls of Pandemonium.
 42461 | Depths:3 | Noticed a juggernaut
 42466 | Depths:3 | Noticed a caustic shrike
 42472 | Depths:3 | Killed a juggernaut
 42488 | Depths:3 | Killed a caustic shrike
 42706 | Depths:3 | Received a gift from Trog
 43063 | Depths:3 | Found a sacrificial altar of Ru.
 43217 | Depths:3 | Found a one-way gate to the infinite horrors of the Abyss.
 43224 | Abyss:3  | Cast into level 3 of the Abyss (a deep elf demonologist)
 43230 | Abyss:3  | Found a corrupted altar of Lugonu.
 43258 | Abyss:3  | Found a corrupted altar of Lugonu.
 43262 | Abyss:3  | Found a corrupted altar of Lugonu.
 43262 | Abyss:3  | Found a corrupted altar of Lugonu.
 43280 | Abyss:3  | Found a corrupted altar of Lugonu.
 43285 | Abyss:3  | Found a corrupted altar of Lugonu.
 43520 | Abyss:3  | Found a corrupted altar of Lugonu.
 43622 | Abyss:3  | Found a corrupted altar of Lugonu.
 43624 | Abyss:3  | Found a corrupted altar of Lugonu.
 43624 | Abyss:3  | Found a corrupted altar of Lugonu.
 43683 | Abyss:3  | Identified the +8 tower shield of the Solstice {Str+3}
 43702 | Abyss:3  | Gained mutation: Your spells are a little easier to cast,
                  | but a little less powerful. [a neqoxec]
 43709 | Abyss:3  | Received a gift from Trog
 43731 | Abyss:3  | Gained mutation: You are resistant to unholy torment.
                  | [demonic ancestry]
 43731 | Abyss:3  | Reached XP level 23. HP: 141/186 MP: 23/23
 43810 | Abyss:3  | Got an abyssal rune of Zot
 43815 | Abyss:3  | Paralysed by accursed screaming for 2 turns
 43838 | Depths:3 | Escaped the Abyss
 44212 | Elf:2    | You showed the abyssal rune of Zot to enter a treasure
                  | trove
 44213 | Trove    | Entered a treasure trove
 44217 | Trove    | Found the brooch of Shielding {Spirit SH+8}
 44222 | Trove    | Identified the ring of Ithaycirgh {Will+ Int+2}
 44223 | Trove    | Identified the ring "Sillaur" {rElec rF+ rN+ Int+3}
 44224 | Trove    | Identified the ring "Bumioc" {Int+6 SInv}
 44225 | Trove    | Identified the ring "Heam" {Str+3 Int-3 Slay+2 SInv}
 44242 | Trove    | Identified the ring "Zuz Tati" {Str+6 Dex+2}
 44246 | Trove    | Identified the amulet "Doivebb" {Faith rF+ rN++ rCorr}
 44677 | Depths:3 | Acquired the +3 crown of Dyrovepreva {rElec Int+2 SInv}
 44677 | Depths:3 | Found the +3 crown of Dyrovepreva {rElec Int+2 SInv}
 44901 | Depths:4 | Entered Level 4 of the Depths
 44945 | Depths:4 | Found Ecolul's Antique Armour Emporium.
 44981 | Depths:4 | Received a gift from Trog
 45187 | Depths:4 | Reached skill level 15 in Evocations
 45261 | Depths:4 | Found a gate to the Realm of Zot.
 45444 | Depths:4 | Identified the +1 leather armour of the Final Scars {Str+5
                  | Slay-6}
 46325 | Vaults:5 | Entered Level 5 of the Vaults
 46355 | Vaults:4 | Received a gift from Trog
 46377 | Vaults:5 | Noticed Xtahua
 46477 | Vaults:4 | Killed Xtahua
 46941 | Vaults:5 | Noticed a dread lich
 46957 | Vaults:5 | Killed a dread lich
 47024 | Vaults:4 | Gained mutation: You can hurl damnation. [demonic ancestry]
 47024 | Vaults:4 | Reached XP level 24. HP: 93/197 MP: 19/23
 47259 | Vaults:4 | Received a gift from Trog
 47302 | Vaults:4 | Gained mutation: You are completely covered in sharp
                  | spines. [demonic ancestry]
 47302 | Vaults:4 | Reached XP level 25. HP: 204/204 MP: 18/23
 47409 | Vaults:5 | Identified the +4 longbow "Death Rattle" {flame, rElec
                  | Dex+4}
 47840 | Vaults:5 | Identified the ring of Welofail {*Corrode MP+9 Str+9 Int+6}
 47915 | Vaults:5 | Got a silver rune of Zot
 47989 | Vaults:5 | Found the +5 scythe "Finisher" {speed, execute}
 48010 | Vaults:5 | Identified the +1 scale mail "Wuwk" {rElec SInv}
 48601 | Zot:1    | Entered Level 1 of the Realm of Zot
 48672 | Zot:1    | Received a gift from Trog
 50135 | Zot:2    | You fall into a shaft and drop 2 floors!
 50497 | Zot:2    | Identified the +11 battleaxe "Beki" {heavy, Dex+5} (Trog
                  | gifted it to you on level 2 of the Realm of Zot)
 50497 | Zot:2    | Received a gift from Trog
 50838 | Zot:3    | Reached skill level 15 in Throwing
 50877 | Zot:3    | Reached XP level 26. HP: 207/213 MP: 23/23
 51049 | Zot:3    | Found the +5 Storm Queen's Shield {shock, Fly rElec}
 52153 | Zot:4    | Identified the +3 shortbow "Myjeigus" {freeze, rF+ rC+
                  | Str-3}
 52273 | Zot:4    | Noticed Vv
 52290 | Zot:4    | Killed Vv
 52357 | Zot:4    | Noticed an orb of fire
 52368 | Zot:4    | Killed an orb of fire
 52489 | Zot:5    | Entered Level 5 of the Realm of Zot
 53215 | Zot:5    | Received a gift from Trog
 53231 | Zot:5    | Noticed an ancient lich
 53240 | Zot:5    | Killed an ancient lich
 53301 | Zot:5    | Noticed an orb of fire
 53304 | Zot:5    | Noticed an ancient lich
 53306 | Zot:5    | Gained mutation: You occasionally lose the ability to drink
                  | potions when taking damage. [an orb of fire]
 53309 | Zot:5    | Noticed an ancient lich
 53313 | Zot:5    | Noticed a dread lich
 53315 | Zot:5    | Lost mutation: Your spells are a little easier to cast, but
                  | a little less powerful. [an orb of fire]
 53319 | Zot:5    | Killed an orb of fire
 53322 | Zot:5    | Killed an ancient lich
 53326 | Zot:5    | Killed an ancient lich
 53331 | Zot:5    | Killed a dread lich
 53641 | Zot:5    | Got the Orb of Zot
 53834 | Depths:4 | Gained mutation: You occasionally shout uncontrollably at
                  | your foes. [a neqoxec]
 54093 | D:8      | Noticed Tekketsi the pandemonium lord
 54210 | D:$      | Escaped with the Orb!

Illustrated notes

Levels and vault maps discovered:
D:1:      ebering_hopf_link, layout_loops_cross
D:2:      layout_basic
D:3:      layout_loops_cross
D:4:      layout_cave_pods, minmay_temple_entry_stoned_glass, serial_shops,
          nicolae_shop_peninsula, uniq_grinder
D:5:      layout_layer_cave, cheibrodos_sewer_entry_bend
D:6:      layout_rooms, nicolae_wu_jian_wuxing_cycle,
          mainiacjoe_overflow_two_lobes, kennysheep_doodads
D:7:      layout_rooms, grunt_temple_overflow_lords_of_destruction,
          uniq_duvessa, uniq_joseph, uniq_crazy_yiuf_cottage, uniq_pikel
D:8:      layout_rooms, overflow_temple_1_default, uniq_maggie,
          uniq_prince_ribbit1, uniq_psyche
D:9:      hellmonk_destroyed_diamonds, layout_long_grid,
          mainiacjoe_overflow_alcove_4, bh_circular_ruins, uniq_maurice
D:10:     layout_roguey, mainiacjoe_overflow_paths, special_room
          [special_room_bee]
D:11:     layout_small_grid, david_lair_shrubbed, david_orc_4, serial_shops,
          nicolae_stop_n_shop_2, nicolae_xom_altar_mimics
D:12:     layout_basic, gauntlet_entry_generic, uniq_azrael, uniq_jorgrun,
          uniq_snorg, uniq_rupert
D:13:     layout_stronghold, gammafunk_ghost_arena, serial_rivers,
          chequers_serial_rivers_room_b, chequers_serial_rivers_micro_a,
          chequers_serial_rivers_micro_c, chequers_serial_rivers_large_a,
          chequers_serial_rivers_large_b, chequers_serial_rivers_micro_a,
          kennysheep_slug_shrine, uniq_lodul
D:14:     minmay_chambers_of_sevens, layout_irregular_city,
          skrybe_vaults_entry_preservation, minivault_4, uniq_josephine
D:15:     grunt_enter_depths_magical_seal, layout_cross,
          portal_ice_cave_entry_ice_statue_two
Lair:1:   layout_cave_shapes, infiniplex_staircase_pool, grunt_megastairs_2,
          lemuel_fruit_tree
Lair:2:   layout_cave_pods, cheibrodos_lair_caveside_slide
Lair:3:   layout_loops_ring, swamp_mist, guppyfry_snake_entry_garden,
          gammafunk_ghost_berserking_beasts
Lair:4:   layout_long_grid, patterned_corridor, grunt_megastairs_1,
          infiniplex_staircase_pool_2
Lair:5:   hangedman_lair_tendril_chambers, layout_gridlike, slime_entry_1
Swamp:1:  nicolae_swamp_long_stream, layout_falls_marsh,
          nicolae_swamp_big_swirl, swamp_pool3, uniq_nikola
Swamp:2:  layout_basic_swamp, evilmike_swamp_ruin_rubble_1, swamp_pool1,
          nzn_swamp_dancing_lights
Swamp:3:  layout_basic_swamp, nicolae_swamp_tree_isthmus, uniq_mlioglotl
Swamp:4:  swamp_alternative, layout_basic_swamp
Snake:1:  layout_onion, ebering_ghost_xom, uniq_aizul, uniq_louise
Snake:2:  layout_onion_interference, basic_altar, st_stairs_10,
          nicolae_stop_n_shop_1, nicolae_triple_integral
Snake:3:  gammafunk_sealed_arena, layout_gridlike, serial_shops, shop,
          special_room
Snake:4:  grunt_snake_rune_serpentine_throne, layout_cave_town,
          beargit_elvish_explorers, serial_bayou_shore_b, uniq_vashnia,
          uniq_bai_suzhen
Orc:1:    layout_caves, dreamdust_deal_with_the_devil, nicolae_specific_store
Orc:2:    grunt_orc_tribal_feast, layout_diamond_mine, ebering_ghost_xom,
          hellmonk_bongcloud_opening, roderic_batcave, uniq_donald
Elf:1:    eino_elf_arrival_customs, layout_onion_city,
          gammafunk_ghost_tricky_traps, serial_shops, shop,
          kennysheep_underground_church, elves_outpost_lemuel
Elf:2:    nicolae_elf_blades_crystal_corner, layout_geoelf_grid, enter_trove_1,
          gammafunk_ghost_wrathful_warriors, basic_altar, uniq_zenata
Elf:3:    minmay_elf_hall_furrowed, layout_gridlike,
          gammafunk_ghost_fury_of_okawaru, drop_trap, nicolae_shop_self_help,
          minmay_shop_star
Vaults:1: nicolae_vaults_shrinking_rooms_2, nicolae_vaults_shock_wave,
          nicolae_vaults_taking_the_gang_shopping, v_misc_18,
          nicolae_vaults_angled_halls, nicolae_vaults_turnstiles,
          nicolae_vaults_wine_cellar, ontoclasm_vaults_gateway,
          nicolae_vaults_spaceships, nicolae_vaults_tetromino_Z_2,
          layout_vaults_big_room
Vaults:2: nicolae_vaults_yaktaur_gun_rack, nicolae_vaults_puzzle_piece,
          minmay_crypt_entry_simple_round, nicolae_vaults_ring_of_whatevers,
          hangedman_vaults_variations, ontoclasm_vaults_loading_screen,
          nicolae_vaults_shelves_hall, ontoclasm_vaults_idyll,
          layout_vaults_omnigrid, serial_shops, nicolae_shop_waterfront,
          uniq_margery, uniq_frederick
Vaults:3: portal_desolation_entry_nicolae_nacl,
          nicolae_vaults_mini_display_case, nicolae_vaults_double_plus_1,
          nicolae_vaults_disjoint_gnomons, grunt_vaults_trifunnel, st_lines,
          vaults_room_door_hall, ontoclasm_vaults_chip, v_pattern_3,
          ontoclasm_vaults_misaligned, nicolae_vaults_lightning_bolt,
          nicolae_vaults_two_Ls, layout_vaults_omnibox
Vaults:4: ontoclasm_vaults_loading_screen, hangedman_vaults_maws,
          nicolae_vaults_double_plus_2, nicolae_vaults_tetromino_L_2,
          nicolae_vaults_ninety_degrees, ontoclasm_vaults_twist,
          nicolae_vaults_closet_pinwheel_1, ontoclasm_vaults_chip,
          vaults_room_pool, v_misc_3, nicolae_vaults_tetromino_L_1,
          nicolae_vaults_little_squares_5, layout_vaults_omnicross
Vaults:5: serial_shops, uniq_xtahua
Depths:1: layout_gridlike, grunt_hell_entry_demonic_statue, serial_bayou_ford_a,
          minmay_misc_feat_four_crosses, water_boxes_lemuel
Depths:2: nicolae_cairo_tiling_large_dashed, layout_gridville, enter_ziggurat_a,
          rand_demon_pan_entry_9, hell_entry, serial_shops, bzr_firewalk,
          lemuel_blue_sif_altar, minmay_staircase_bubble
Depths:3: minmay_the_grid_plus [minmay_the_grid_tiny_cups,
          minmay_the_grid_eight, minmay_the_grid_broken_lines,
          minmay_the_grid_outer_circle, minmay_the_grid_prize_inner_circle],
          layout_gridville, nicolae_abyss_entry_one_way_or_another, hell_entry,
          minivault_14, nicolae_ru_awakened_eye
Depths:4: grunt_twist_and_shout, layout_gridlike, hell_entry, bh_walls_and_bars,
          serial_shops, shop
Zot:1:    layout_onion_interference, st_stairs_7, st_single_dragon_hoard_3,
          grunt_megastairs_5
Zot:2:    layout_gridlike
Zot:3:    lemuel_draconian_sentries, layout_twisted_circle
Zot:4:    kennysheep_blocky_hall, layout_onion_interference, uniq_vv
Zot:5:    layout_basic

Skill      XL: |  1  2  3  4  5  6  7  8  9 10 11 12 13 14 15 16 17 18 19 20 21 22 23 24 25 26 |
---------------+-------------------------------------------------------------------------------+-----
Polearms       | 3 4 5 6 7 9 10 12 16 18 20 21 22 23 24 | 24.7
Armour         | 3 5 7 8 9 10 11 12 13 14 16 17 18 19 | 19.6
Dodging        | 3 5 7 8 9 10 11 12 13 14 15 17 18 19 | 19.6
Fighting       | 4 6 8 9 10 11 12 13 14 15 16 17 18 19 | 19.6
Evocations     | 2 5 6 7 9 10 11 12 13 14 15 16 17 | 17.8
Throwing       | 3 5 6 8 9 10 11 12 13 14 15 | 15.8

Action                     |  1- 3 |  4- 6 |  7- 9 | 10-12 | 13-15 | 16-18 | 19-21 | 22-24 | 25-27 || total
---------------------------+-------+-------+-------+-------+-------+-------+-------+-------+-------++-------
  Melee: Spear             |   104 |   137 |   280 |       |     8 |       |       |       |       ||   529
         Kick              |    15 |    28 |    73 |   142 |   259 |   338 |   508 |   467 |   354 ||  2184
         Punch             |       |     1 |       |       |       |       |       |       |       ||     1
         Halberd           |       |       |     3 |   506 |       |       |       |       |       ||   509
         Glaive            |       |       |       |   110 |   729 |    61 |       |       |       ||   900
         Bardiche          |       |       |       |       |   272 |  1272 |  1465 |  1167 |   108 ||  4284
         Scythe            |       |       |       |       |       |       |       |       |   833 ||   833
  Throw: Javelin           |       |       |       |       |       |       |     2 |       |       ||     2
 Invoke: Berserk           |     2 |     4 |     9 |    10 |    15 |    15 |    12 |     3 |     9 ||    79
         Trog's Hand       |       |     1 |     2 |     1 |     5 |     7 |    17 |    13 |     7 ||    53
         Brothers in Arms  |       |       |       |       |     2 |     3 |     1 |       |     2 ||     8
  Evoke: Wand              |       |       |       |     1 |       |     2 |     2 |     6 |     9 ||    20
    Use: Scroll            |     4 |     2 |     2 |     5 |    19 |     5 |     5 |     2 |     9 ||    53
         Potion            |       |       |       |       |       |       |     2 |     2 |     3 ||     7
   Stab: Sleeping          |     4 |     3 |       |       |       |       |       |       |       ||     7
         Paralysed         |       |       |       |     4 |       |       |       |       |       ||     4
         Distracted        |       |       |       |       |     2 |       |       |     1 |       ||     3
         Confused          |       |       |       |       |       |     2 |       |       |     4 ||     6
 Armour: Animal skin       |    14 |     1 |       |       |       |       |       |       |       ||    15
         Plate armour      |       |    44 |    68 |   293 |   283 |   509 |   339 |   322 |   140 ||  1998
         Gold dragon scale |       |       |       |       |       |       |       |       |    16 ||    16
  Dodge: Dodged            |    26 |    21 |    41 |   249 |   388 |   375 |   531 |   589 |   346 ||  2566
  Block: Other             |       |       |     5 |    99 |   238 |   551 |   586 |   627 |   296 ||  2402
         Reflection        |       |       |       |       |    17 |    73 |    67 |     1 |       ||   158
